General information
- name: BNet
- type: Ladder team game (AT/RT)
- host: Battle.net
- saver: loI
map: DragonFalls
- players: 8
- length: 49:20
- speed: Fast
- version: 1.26 W3XP
- replay type: Public
» download(248 KB)
Players
team 1 (winner)
BigMacCampbell (
green | 50 APM | 2480 actions | 49:19)
10 Blademaster
3 Wind Walk
3 Critical Strike
1 Bladestorm
3 Mirror Image
» actions
| Assign group hotkey | 23 | |
| Basic commands | 163 | |
| Build / train | 85 | |
| Enter build submenu | 36 | |
| Enter hero's abilities submenu | 10 | |
| Give item / drop item | 9 | |
| Right click | 1124 | |
| Select / deselect | 445 | |
| Select group hotkey | 337 | |
| Use ability | 248 | |
2480 total
» units
| Peon | 8 | |
| Grunt | 4 | |
| Goblin Zeppelin | 2 | |
| Goblin Shredder | 1 | |
| Goblin Sapper | 3 | |
| Green Dragon | 4 | |
| Troll Batrider | 3 | |
25 total
» upgrades
| Ranged Weapons | 3 | |
| Armor | 3 | |
| Reinforced Defenses | 1 | |
| Envenomed Spears | 1 | |
| Liquid Fire | 1 | |
| Ensnare | 1 | |
| Pillage | 1 | |
| Troll Regeneration | 1 | |
| Burning Oil | 1 | |
13 total
» buildings
| Orc Burrow | 4 | |
| Altar of Storms | 1 | |
| Barracks | 1 | |
| Voodoo Lounge | 3 | |
| War Mill | 2 | |
| Stronghold | 1 | |
| Great Hall | 2 | |
| Watch Tower | 25 | |
| Beastiary | 2 | |
| Fortress | 1 | |
42 total
» build order
00:11 Orc Burrow
00:53 Altar of Storms
00:54 Barracks
01:09 Orc Burrow
01:47 Voodoo Lounge
02:47 War Mill
03:33 Stronghold
04:55 Orc Burrow
05:45 Great Hall
05:49 Watch Tower
05:49 Watch Tower
05:50 Watch Tower
05:51 Watch Tower
06:47 Beastiary
06:48 Beastiary
07:06 Orc Burrow
08:35 Watch Tower
08:37 Watch Tower
09:08 Watch Tower
11:11 Fortress
11:15 Watch Tower
11:16 Watch Tower
11:18 Watch Tower
14:06 Watch Tower
14:07 Watch Tower
19:55 War Mill
24:14 Great Hall
24:19 Watch Tower
24:20 Watch Tower
24:21 Watch Tower
24:21 Watch Tower
24:24 Watch Tower
24:25 Watch Tower
24:26 Watch Tower
24:26 Watch Tower
24:27 Watch Tower
24:28 Watch Tower
24:29 Watch Tower
24:30 Watch Tower
24:34 Voodoo Lounge
26:15 Voodoo Lounge
» items
| Healing Salve | 4 | |
| Scroll of Regeneration | 1 | |
| Mechanical Critter | 1 | |
| Potion of Mana | 9 | |
| Lesser Clarity Potion | 5 | |
| Potion of Healing | 8 | |
| Boots of Speed | 1 | |
| Scroll of Town Portal | 1 | |
| Orb of Lightning | 1 | |
| Periapt of Vitality | 2 | |
33 total
loI (
orange | 91 APM | 4479 actions | 49:20)
10 Archmage
3 Summon Water Elemental
3 Brilliance Aura
1 Mass Teleport
3 Blizzard
» actions
| Assign group hotkey | 148 | |
| Basic commands | 148 | |
| Build / train | 158 | |
| ESC pressed | 5 | |
| Enter build submenu | 32 | |
| Enter hero's abilities submenu | 10 | |
| Give item / drop item | 12 | |
| Right click | 1825 | |
| Select / deselect | 439 | |
| Select group hotkey | 929 | |
| Use ability | 772 | |
4479 total
» units
| Peasant | 19 | |
| Footman | 13 | |
| Goblin Shredder | 8 | |
| Gryphon Rider | 8 | |
| Goblin Zeppelin | 7 | |
| Dragonhawk Rider | 1 | |
56 total
» upgrades
| Masonry | 3 | |
| Swords | 3 | |
| Armor | 3 | |
| Animal War Training | 1 | |
| Storm Hammers | 1 | |
| Cloud | 1 | |
| Lumber Harvesting | 2 | |
| Plating | 1 | |
| Gunpowder | 1 | |
| Long Rifles | 1 | |
| Defend | 1 | |
18 total
» buildings
| Barracks | 1 | |
| Altar of Kings | 1 | |
| Farm | 6 | |
| Lumber Mill | 1 | |
| Arcane Vault | 1 | |
| Town Hall | 5 | |
| Scout Tower | 9 | |
| Arcane Tower | 1 | |
| Guard Tower | 17 | |
| Keep | 4 | |
| Blacksmith | 1 | |
| Castle | 4 | |
| Gryphon Aviary | 5 | |
56 total
» build order
00:37 Barracks
00:40 Altar of Kings
00:50 Farm
01:05 Farm
01:25 Lumber Mill
01:45 Farm
02:01 Arcane Vault
03:24 Farm
03:55 Town Hall
04:55 Scout Tower
04:57 Scout Tower
05:26 Arcane Tower
05:26 Guard Tower
05:26 Guard Tower
05:26 Guard Tower
05:29 Keep
05:29 Keep
05:30 Keep
06:47 Scout Tower
06:48 Scout Tower
06:49 Scout Tower
06:50 Scout Tower
06:51 Scout Tower
06:54 Scout Tower
06:57 Scout Tower
07:17 Blacksmith
07:20 Guard Tower
07:20 Guard Tower
07:21 Guard Tower
07:21 Guard Tower
07:22 Guard Tower
08:21 Castle
08:21 Castle
08:21 Castle
08:24 Guard Tower
08:25 Guard Tower
08:25 Guard Tower
08:48 Gryphon Aviary
08:49 Gryphon Aviary
09:27 Gryphon Aviary
09:30 Gryphon Aviary
09:30 Gryphon Aviary
11:59 Farm
12:00 Farm
30:15 Town Hall
31:53 Town Hall
41:22 Town Hall
41:27 Town Hall
» items
| Lesser Clarity Potion | 2 | |
| Scroll of Regeneration | 8 | |
| Mechanical Critter | 6 | |
| Scroll of Town Portal | 3 | |
| Periapt of Vitality | 1 | |
| Staff of Teleportation | 1 | |
| Boots of Speed | 1 | |
| Staff of Sanctuary | 1 | |
| Orb of Corruption | 1 | |
24 total
Nomed (
yellow | 24 APM | 1173 actions | 49:19)
6 Lich
3 Frost Nova
2 Frost Armor
1 Death and Decay
» actions
| Assign group hotkey | 15 | |
| Basic commands | 26 | |
| Build / train | 56 | |
| Enter build submenu | 23 | |
| Enter hero's abilities submenu | 6 | |
| Remove unit from queue | 1 | |
| Right click | 490 | |
| Select / deselect | 195 | |
| Select group hotkey | 330 | |
| Use ability | 31 | |
1173 total
» units
| Acolyte | 12 | |
| Ghoul | 3 | |
| Crypt Fiend | 9 | |
| Frost Wyrm | 10 | |
| Obsidian Statue | 1 | |
35 total
» upgrades
| Web | 1 | |
| Creature Attack | 1 | |
| Creature Carapace | 1 | |
| Skeletal Longevity | 1 | |
| Skeletal Mastery | 1 | |
5 total
» buildings
| Ziggurat | 11 | |
| Altar of Darkness | 1 | |
| Crypt | 2 | |
| Tomb of Relics | 1 | |
| Graveyard | 1 | |
| Halls of the Dead | 1 | |
| Sacrificial Pit | 1 | |
| Black Citadel | 1 | |
| Boneyard | 2 | |
| Slaughterhouse | 1 | |
| Spirit Tower | 3 | |
| Temple of the Damned | 2 | |
27 total
» build order
00:17 Ziggurat
00:23 Altar of Darkness
00:50 Crypt
01:07 Ziggurat
01:26 Tomb of Relics
01:42 Graveyard
02:59 Ziggurat
04:50 Halls of the Dead
06:23 Ziggurat
08:30 Sacrificial Pit
08:51 Ziggurat
09:10 Black Citadel
11:33 Boneyard
11:37 Boneyard
11:44 Slaughterhouse
12:33 Ziggurat
12:36 Ziggurat
13:14 Crypt
13:41 Spirit Tower
13:43 Spirit Tower
13:49 Ziggurat
14:48 Spirit Tower
15:38 Temple of the Damned
15:41 Temple of the Damned
16:55 Ziggurat
21:12 Ziggurat
21:16 Ziggurat
» items
| Potion of Healing | 2 | |
| Scroll of Town Portal | 1 | |
3 total
2064265555 (
purple | 15 APM | 759 actions | 49:19)
4 Tauren Chieftain
2 Endurance Aura
2 Shockwave
2 Naga Sea Witch
1 Frost Arrows
1 Forked Lightning
» actions
| Basic commands | 17 | |
| Build / train | 52 | |
| Enter build submenu | 16 | |
| Enter hero's abilities submenu | 7 | |
| Give item / drop item | 2 | |
| Right click | 316 | |
| Select / deselect | 291 | |
| Use ability | 58 | |
759 total
» units
| Peon | 10 | |
| Grunt | 2 | |
| Troll Headhunter/Berserker | 6 | |
| Thunder Lizard | 1 | |
| Furbolg Shaman | 1 | |
20 total
» upgrades
| Armor | 1 | |
| Ranged Weapons | 1 | |
| Berserker Upgrade | 1 | |
| Troll Regeneration | 1 | |
| Witch Doctor Training | 2 | |
6 total
» buildings
| Orc Burrow | 6 | |
| Altar of Storms | 1 | |
| Barracks | 2 | |
| War Mill | 1 | |
| Voodoo Lounge | 1 | |
| Stronghold | 1 | |
| Fortress | 1 | |
| Spirit Lodge | 1 | |
| Watch Tower | 3 | |
| Great Hall | 1 | |
18 total
» build order
00:26 Orc Burrow
00:36 Altar of Storms
01:12 Barracks
01:45 Orc Burrow
02:33 Barracks
02:59 War Mill
03:24 Voodoo Lounge
04:34 Orc Burrow
05:00 Orc Burrow
07:08 Stronghold
07:12 Orc Burrow
10:34 Fortress
13:29 Spirit Lodge
15:09 Orc Burrow
17:28 Watch Tower
17:32 Watch Tower
17:45 Watch Tower
20:22 Great Hall
» items
| Rod of Necromancy | 1 | |
| Healing Salve | 3 | |
| Scroll of Speed | 4 | |
| Lesser Clarity Potion | 3 | |
| Potion of Invisibility | 1 | |
| Scroll of Town Portal | 2 | |
| Orb of Lightning | 1 | |
| Potion of Healing | 1 | |
16 total
team 2 (loser)
SHIREKDIEK (
pink | 56 APM | 2748 actions | 49:19)
6 Blademaster
2 Critical Strike
3 Wind Walk
1 Bladestorm
4 Shadow Hunter
2 Hex
2 Healing Wave
» actions
| Assign group hotkey | 83 | |
| Basic commands | 31 | |
| Build / train | 76 | |
| Enter build submenu | 24 | |
| Enter hero's abilities submenu | 10 | |
| Give item / drop item | 7 | |
| Remove unit from queue | 1 | |
| Right click | 1245 | |
| Select / deselect | 278 | |
| Select group hotkey | 673 | |
| Use ability | 320 | |
2748 total
» units
| Peon | 13 | |
| Grunt | 3 | |
| Goblin Shredder | 2 | |
| Wind Rider | 11 | |
29 total
» upgrades
| Reinforced Defenses | 1 | |
| Ranged Weapons | 3 | |
| Armor | 3 | |
| Envenomed Spears | 1 | |
| Liquid Fire | 1 | |
9 total
» buildings
| Altar of Storms | 1 | |
| Orc Burrow | 6 | |
| Barracks | 1 | |
| Stronghold | 2 | |
| Voodoo Lounge | 1 | |
| Great Hall | 1 | |
| War Mill | 1 | |
| Fortress | 1 | |
| Beastiary | 3 | |
| Watch Tower | 29 | |
46 total
» build order
00:09 Altar of Storms
00:22 Orc Burrow
00:37 Barracks
01:24 Orc Burrow
02:42 Stronghold
02:42 Stronghold
02:54 Voodoo Lounge
03:55 Great Hall
04:03 War Mill
04:38 Orc Burrow
04:57 Orc Burrow
05:42 Fortress
07:05 Beastiary
07:47 Beastiary
07:51 Beastiary
08:40 Watch Tower
08:40 Watch Tower
08:40 Watch Tower
08:42 Watch Tower
08:54 Watch Tower
09:25 Watch Tower
09:25 Watch Tower
09:26 Watch Tower
09:27 Watch Tower
09:27 Watch Tower
09:28 Watch Tower
10:52 Orc Burrow
11:51 Watch Tower
11:51 Watch Tower
11:52 Watch Tower
11:52 Watch Tower
13:07 Orc Burrow
13:13 Watch Tower
13:13 Watch Tower
13:14 Watch Tower
13:14 Watch Tower
13:58 Watch Tower
13:58 Watch Tower
14:00 Watch Tower
14:00 Watch Tower
15:46 Watch Tower
15:46 Watch Tower
15:47 Watch Tower
17:08 Watch Tower
17:09 Watch Tower
17:09 Watch Tower
» items
| Healing Salve | 4 | |
| Lesser Clarity Potion | 1 | |
| Orb of Lightning | 2 | |
| Potion of Mana | 1 | |
| Potion of Lesser Invulnerability | 2 | |
| Staff of Teleportation | 2 | |
| Scroll of Town Portal | 3 | |
| Potion of Healing | 1 | |
16 total

»
Diapers (
teal | 37 APM | 1557 actions | 42:21)
7 Warden
3 Fan of Knives
3 Blink
1 Spirit of Vengeance
2 Demon Hunter
1 Mana Burn
1 Evasion
» actions
| Assign group hotkey | 45 | |
| Basic commands | 42 | |
| Build / train | 66 | |
| Enter build submenu | 26 | |
| Enter hero's abilities submenu | 9 | |
| Give item / drop item | 5 | |
| Remove unit from queue | 2 | |
| Right click | 675 | |
| Select / deselect | 429 | |
| Select group hotkey | 180 | |
| Use ability | 77 | |
1557 total
» units
» upgrades
| Well Spring | 1 | |
| Strength of the Wild | 3 | |
| Corrosive Breath | 1 | |
5 total
» buildings
| Altar of Elders | 2 | |
| Moon Well | 13 | |
| Ancient of War | 1 | |
| Tree of Ages | 1 | |
| Tree of Life | 4 | |
| Tree of Eternity | 1 | |
| Hunter's Hall | 1 | |
| Ancient of Wind | 1 | |
| Chimaera Roost | 3 | |
| Ancient of Wonders | 1 | |
28 total
» build order
00:09 Altar of Elders
00:19 Moon Well
00:34 Ancient of War
01:32 Moon Well
02:09 Moon Well
03:00 Moon Well
04:11 Tree of Ages
04:50 Tree of Life
05:20 Moon Well
06:16 Moon Well
07:11 Tree of Eternity
07:56 Hunter's Hall
10:28 Ancient of Wind
11:19 Moon Well
11:23 Tree of Life
12:18 Chimaera Roost
12:19 Chimaera Roost
12:21 Chimaera Roost
13:54 Moon Well
13:55 Moon Well
13:57 Moon Well
14:05 Ancient of Wonders
21:32 Moon Well
21:34 Moon Well
22:51 Moon Well
23:10 Tree of Life
25:45 Altar of Elders
25:58 Tree of Life
» items
| Dust of Appearance | 1 | |
| Orb of Lightning | 1 | |
2 total

»
i-am-here-now (
red | 18 APM | 692 actions | 37:25)
2 Blademaster
1 Wind Walk
1 Critical Strike
1 Shadow Hunter
1 Healing Wave
» actions
| Build / train | 65 | |
| Enter build submenu | 23 | |
| Enter hero's abilities submenu | 3 | |
| Right click | 282 | |
| Select / deselect | 263 | |
| Use ability | 56 | |
692 total
» units
| Peon | 22 | |
| Grunt | 1 | |
| Troll Headhunter/Berserker | 15 | |
| Furbolg Shaman | 1 | |
| Satyr Shadowdancer | 1 | |
| Goblin Shredder | 1 | |
| Shaman | 1 | |
42 total
» upgrades
| Ranged Weapons | 3 | |
| Armor | 2 | |
| Berserker Upgrade | 1 | |
| Shaman Training | 2 | |
8 total
» buildings
| Barracks | 1 | |
| Orc Burrow | 8 | |
| Altar of Storms | 1 | |
| War Mill | 2 | |
| Watch Tower | 4 | |
| Voodoo Lounge | 1 | |
| Stronghold | 1 | |
| Fortress | 1 | |
| Spirit Lodge | 1 | |
| Great Hall | 1 | |
21 total
» build order
00:27 Barracks
00:41 Orc Burrow
00:56 Altar of Storms
01:33 War Mill
02:02 Orc Burrow
02:47 Watch Tower
03:03 Orc Burrow
03:32 Voodoo Lounge
04:11 Stronghold
04:23 Orc Burrow
04:41 Watch Tower
05:18 Orc Burrow
06:52 Fortress
07:26 Watch Tower
07:35 Watch Tower
13:45 Spirit Lodge
20:09 Orc Burrow
20:15 Orc Burrow
20:20 Orc Burrow
22:06 Great Hall
24:20 War Mill
» items
| Scroll of Speed | 4 | |
| Healing Salve | 2 | |
| Potion of Mana | 1 | |
| Orb of Lightning | 1 | |
8 total
PlayWithMyPeon (
blue | 33 APM | 926 actions | 27:47)
6 Blademaster
2 Wind Walk
3 Critical Strike
1 Bladestorm
» actions
| Build / train | 72 | |
| Enter build submenu | 35 | |
| Enter hero's abilities submenu | 6 | |
| Give item / drop item | 4 | |
| Remove unit from queue | 8 | |
| Right click | 394 | |
| Select / deselect | 346 | |
| Use ability | 61 | |
926 total
» units
| Peon | 14 | |
| Grunt | 15 | |
| Tauren | 7 | |
| Shaman | 9 | |
45 total
» upgrades
| Melee Weapons | 2 | |
| Spiked Barricades | 2 | |
| Berserker Strength | 1 | |
| Pulverize | 1 | |
| Shaman Training | 2 | |
8 total
» buildings
| Altar of Storms | 1 | |
| Orc Burrow | 6 | |
| Voodoo Lounge | 1 | |
| War Mill | 1 | |
| Barracks | 1 | |
| Stronghold | 1 | |
| Watch Tower | 11 | |
| Fortress | 1 | |
| Spirit Lodge | 2 | |
| Tauren Totem | 1 | |
| Great Hall | 4 | |
30 total
» build order
00:14 Altar of Storms
00:41 Orc Burrow
01:00 Voodoo Lounge
01:49 War Mill
02:06 Barracks
02:52 Orc Burrow
03:58 Orc Burrow
04:33 Stronghold
04:52 Watch Tower
04:58 Watch Tower
06:13 Watch Tower
06:16 Watch Tower
06:20 Orc Burrow
07:31 Orc Burrow
07:36 Watch Tower
07:40 Orc Burrow
07:42 Fortress
08:30 Watch Tower
08:46 Watch Tower
08:52 Watch Tower
10:56 Spirit Lodge
11:00 Spirit Lodge
11:03 Tauren Totem
12:12 Great Hall
12:15 Watch Tower
12:19 Watch Tower
17:23 Great Hall
17:29 Great Hall
19:48 Great Hall
19:54 Watch Tower
» items
| Healing Salve | 1 | |
| Scroll of Speed | 1 | |
| Lesser Clarity Potion | 1 | |
| Scroll of Town Portal | 1 | |
4 total
Chat log
(00:04 / All) loI: Damn high ELL game
(00:22 / All) Diapers: DOTACASH KILLED DOTA DOTACASH KILLED DOTA DOTACASH KILLED DOTA DOTACASH KILLED DOTA DOTACASH KILLED DOTA DOTACASH KILLED DOTA
(00:24 / All) Diapers: DOTACASH KILLED DOTA DOTACASH KILLED DOTA DOTACASH KILLED DOTA DOTACASH KILLED DOTA DOTACASH KILLED DOTA DOTACASH KILLED DOTA
(00:25 / All) Diapers: DOTACASH KILLED DOTA DOTACASH KILLED DOTA DOTACASH KILLED DOTA DOTACASH KILLED DOTA DOTACASH KILLED DOTA DOTACASH KILLED DOTA
(02:47 / All) Diapers: DOTACASH KILLED DOTA DOTACASH KILLED DOTA DOTACASH KILLED DOTA DOTACASH KILLED DOTA DOTACASH KILLED DOTA DOTACASH KILLED DOTA
(03:02 / All) BigMacCampbell: heard you first 50 times
(03:10 / All) Diapers: MY PENIS YOUR BUM
(04:11 / Allies) loI: WANT HELP CREEPING THAT OR NO?
(04:11 / Allies) loI: caps
(04:16 / Allies) BigMacCampbell: nay
(04:17 / Allies) loI: k
(04:24 / Allies) loI: creep goblin shop together after
(04:26 / Allies) BigMacCampbell: actually go ahead
(04:27 / Allies) loI: the top mid, not lab
(04:40 / Allies) BigMacCampbell: get you leve l6
(05:06 / Allies) loI: want +3 agi boots?
(05:10 / Allies) BigMacCampbell: sure
(06:00 / Allies) BigMacCampbell: you take this one I'll take the other one
(06:03 / Allies) loI: kk
(07:11 / All) SHIREKDIEK: thx for warning blue
(08:45 / Allies) BigMacCampbell: lumbs
(09:26 / Allies) BigMacCampbell: he targeted the sapper
(09:29 / Allies) BigMacCampbell: stratight away or what
(09:33 / Allies) BigMacCampbell: wasn't watching
(09:51 / Allies) loI: I think it was just on the left
(09:52 / Allies) loI: not focused
(10:25 / Allies) 2064265555: care
(11:16 / All) SHIREKDIEK: larry bird or lebron james: who is more GOAT
(11:27 / All) Diapers: LEBRON BIRD
(11:28 / All) BigMacCampbell: larry bird
(11:29 / All) 2064265555: bird a better sf
(11:38 / All) SHIREKDIEK: bron is a better point guard tho
(11:45 / All) 2064265555: not much
(11:52 / All) 2064265555: their stats are almost the same
(12:01 / All) 2064265555: except bird gets 3 more boards per game
(12:03 / All) SHIREKDIEK: he shoulddnt play focking sf. he is a better passer
(12:16 / All) 2064265555: he is a perfect sf
(12:30 / All) SHIREKDIEK: he plays 1 on 5 basketball; that isn't perfect
(12:32 / All) 2064265555: and you can see him pass when the game gets crunch
(12:38 / All) SHIREKDIEK: its just teams have too many dumb niggers
(12:42 / All) 2064265555: he is the best player of his generation
(12:50 / All) SHIREKDIEK: kobe shaq better
(12:53 / All) 2064265555: you are a sick sad fuck
(12:57 / All) SHIREKDIEK: lawl
(13:31 / All) SHIREKDIEK: basketball sucks cock every person who isn't a dumb nigger knows this
(14:20 / Allies) BigMacCampbell: focus bm
(14:30 / Allies) BigMacCampbell: stay around here
(14:44 / Allies) BigMacCampbell: damn wasted ward
(14:48 / Allies) BigMacCampbell: go by my ward
(15:20 / All) SHIREKDIEK: yellow u hacker
(15:57 / All) BigMacCampbell: fdaksdfkjsda
(15:59 / All) BigMacCampbell: bitch
(16:25 / All) loI: you noobs need to learn to play
(17:20 / Allies) 2064265555: move yellow to my base
(17:23 / Allies) 2064265555: now vs chims
(17:49 / All) loI: Teal sucks big time lol
(18:03 / Allies) 2064265555: move forward?
(18:44 / All) BigMacCampbell: Good effort, good effort!
(19:04 / Allies) 2064265555: gold pls
(19:38 / Allies) 2064265555: gold pls
(20:04 / Allies) loI: to do what with?
(20:05 / Allies) 2064265555: play defense yellow
(20:11 / Allies) 2064265555: make my tc
(20:11 / Allies) loI: oh you have a peon
(20:13 / All) BigMacCampbell: MY MANA
(20:15 / All) BigMacCampbell: YOU KILLED IT
(21:48 / All) loI: Other than green my entire team is noob
(22:24 / Allies) 2064265555: go buy a main at green base nomad
(22:40 / All) SHIREKDIEK: y do u not consider green noob
(23:07 / All) loI: I think it's blue, teal, red, yellow's first times playing after the campaign
(23:11 / All) loI: not sure they even beat it on hard mode
(23:19 / All) SHIREKDIEK: purple this is what u get for saying lebron james is good at anything
(23:36 / All) SHIREKDIEK: only thing he is good at is choking
(23:47 / All) 2064265555: you are sick sad fuck
(23:54 / All) 2064265555: got not one thing to do with me
(24:00 / All) SHIREKDIEK: lawl
(24:07 / All) 2064265555: your dad and grandfathers fault no doubt
(24:17 / All) SHIREKDIEK: if u played 4v4 for long u know damn well i did not cross any boundaries
(24:22 / All) SHIREKDIEK: lots of people say more sick stuff
(24:34 / All) 2064265555: i give you no credit
(24:48 / All) 2064265555: i think you are weak morally because of feelings of shame
(24:53 / All) BigMacCampbell: Big mistake
(25:13 / All) SHIREKDIEK: i think ur racist, purple. larry bird is 100x greater
(25:32 / All) Nomed: calling us noob says 11k gold oj
(25:35 / All) 2064265555: sick sad fuck
(25:44 / All) loI: Yellow, you and purp were ultra noobs lol
(25:51 / All) loI: did you ever even win the campaign?
(25:51 / Allies) BigMacCampbell: are you suggesting there's naything wrong with having lots of gold?
(26:13 / All) Nomed: 11k gold and small army
(26:26 / All) BigMacCampbell: and?
(26:28 / All) BigMacCampbell: what's the problem?
(26:32 / All) 2064265555: nomed this is a form of play for them
(26:43 / All) SHIREKDIEK: yea its called gamesmanship
(26:51 / All) 2064265555: like dolphins masterbating
(27:47 / All) BigMacCampbell: zzz
(27:55 / Allies) BigMacCampbell: reaveals
(28:01 / Allies) BigMacCampbell: nicew
(28:02 / All) loI: Nice try
(28:03 / All) SHIREKDIEK: lalw
(28:05 / All) loI: You aren't getting my AM
(28:09 / All) loI: no matter how low HP it is
(28:09 / All) SHIREKDIEK: freaking ruthless bm
(28:29 / All) loI: and you sure as FUCK ain't getting a level 6 warden
(29:32 / All) BigMacCampbell: nice expo, naughty boy
(30:40 / Allies) BigMacCampbell: revealls
(31:02 / Allies) BigMacCampbell: more reveals lol
(31:34 / All) BigMacCampbell: DEAD
(31:36 / All) BigMacCampbell: DEADMEAT
(31:41 / All) loI: YOU CAN RUN BUT YOU CAN'T HIDE!
(31:50 / All) BigMacCampbell: Not from the all seeing eye
(32:06 / Allies) BigMacCampbell: brb
(32:21 / Allies) BigMacCampbell: make sure he dont love tap me
(32:26 / Allies) loI: lawl
(33:27 / Allies) BigMacCampbell: bach
(34:37 / All) loI: I think my towers are glitched
(34:42 / All) loI: They didn't kill any of pink's units there
(34:47 / All) SHIREKDIEK: im positive yellow hacks
(34:48 / All) loI: huh, not sure what is wrong
(34:48 / Allies) BigMacCampbell: wrong neighborhood
(34:53 / Allies) BigMacCampbell: leave my base you're scaring me
(34:55 / Allies) BigMacCampbell: tk tk tk
(35:01 / Allies) loI: was yellow a tker?
(35:06 / Allies) BigMacCampbell: yes
(35:11 / Allies) BigMacCampbell: he tped to my base to tk me
(35:12 / Allies) loI: fuck I hate tkers
(35:29 / Allies) Nomed: green killed me
(35:37 / Allies) loI: because you tried to tk idiot
(35:58 / All) BigMacCampbell: times like these
(36:02 / All) BigMacCampbell: you need latency hack
(36:09 / Allies) BigMacCampbell: I'll get him lawl
(36:38 / All) loI: phew
(36:40 / All) loI: that was close
(36:47 / All) loI: almost had a warden with level 3 blink on the loose
(36:49 / Allies) BigMacCampbell: ping where he is
(36:52 / Allies) loI: just got it
(36:55 / All) SHIREKDIEK: not as bad as that time on fullscale
(37:02 / Allies) BigMacCampbell: tt
(37:05 / All) loI: we know to take precautions now
(40:23 / All) SHIREKDIEK: i doubt teal will stay
(41:14 / All) BigMacCampbell: Mess with the best, die like the rest
(42:34 / Allies) BigMacCampbell: bad luck purple bad luck yellow
(42:40 / All) SHIREKDIEK: knew teal would leave
(42:47 / All) BigMacCampbell: he was level 1
(42:53 / All) loI: At least he did while I still have my army
(43:58 / All) SHIREKDIEK: if we play another has to be right after cuz joepardy in an hour
(44:24 / All) loI: k
(44:26 / All) loI: I can do another
(44:29 / All) loI: probably not later though
(47:28 / All) loI: Pro crit
(47:35 / All) SHIREKDIEK: and dat it
(49:09 / All) loI: end it?
(49:10 / All) loI: wtf